 Dungeon Crawl Stone Soup version 0.31-a0-221-gbddc013574 (webtiles) character file.

Game seed: 14690243282714242560

98 qw the Shooter (level 4, -1/26 HPs)
             Began as a Gargoyle Hexslinger on July 4, 2023.
             Slain by an orc
             ... wielding a +0 mace
              (3 damage)
             ... on level 3 of the Dungeon.
             The game lasted 00:00:47 (2135 turns).

qw the Shooter (Gargoyle Hexslinger)                Turns: 2135, Time: 00:00:48

Health: -1/26      AC:  8    Str: 12    XL:     4   Next: 71%
Magic:  5/5        EV: 10    Int: 13    God:
Gold:   172        SH:  0    Dex: 14    Spells: 4/5 levels left

rFire   . . .        Y - +1 sling
rCold   . . .        (no shield)
rNeg    + . .        h - +0 ring mail
rPois   inf          (no helmet)
rElec   +            (no cloak)
rCorr   .            (no gloves)
SInv    .            (no boots)
Will    .....        (no amulet)
Stlth   +            (no ring)
HPRegen 0.24/turn    (no ring)
MPRegen 0.09/turn

%: no passive effects
@: no status effects
A: sickness immunity, AC +3, negative energy resistance 1, electricity
resistance, torment resistance 1, petrification resistance
a: no special abilities


You were on level 3 of the Dungeon.
You visited 1 branch of the dungeon, and saw 3 of its levels.

You collected 172 gold pieces.


Innate Abilities, Weirdness & Mutations

You are immune to sickness and miasma.
Your stone body is resilient. (AC +3)
You are immune to poison.
You resist negative energy. (rN+)
You are resistant to electric shocks. (rElec)
You are resistant to unholy torment.
You are immune to petrification.


   Skills:
 - Level 2.0 Fighting
 - Level 4.3 Ranged Weapons
 + Level 0.8 Armour
 - Level 1.5 Dodging
 - Level 1.0 Spellcasting
 - Level 2.6 Hexes


You had 4 spell levels left.
You knew the following spells:

 Your Spells              Type           Power      Damage    Failure   Level
a - Slow                  Hex            28%        N/A       22%         1

Your spell library contained the following spells:

 Spells                   Type           Power      Damage    Failure   Level
 Inner Flame              Hex/Fire       4%         N/A       73%         3
 Portal Projectile        Hex/Tloc       8%         N/A       73%         3
 Cause Fear               Hex            3%         N/A       91%         4

Inventory:

Hand Weapons
 Y - a +1 sling (weapon)
Armour
 h - a +0 ring mail (worn)
Wands
 b - a wand of digging (9)
Scrolls
 a - 2 scrolls of blinking {unknown}
 c - a scroll of enchant weapon {unknown}
 g - a scroll of identify
Potions
 d - a potion of might {unknown}
 e - a potion of invisibility {unknown}

Dungeon Overview and Level Annotations

Branches:
Dungeon (3/15)

Altars:
Dithmenos


Message History

The sling bullet closely misses the orc wizard.
The orc hits you but does no damage.
The frilled lizard bites you but does no damage.
The orc wizard hits you but does no damage.
The orc wizard casts a spell at you. You resist with some effort.
The orc barely misses you. The frilled lizard closely misses you.
You shoot a sling bullet.
The sling bullet completely misses the orc wizard.
The frilled lizard bites you but does no damage.
The orc misses you. The orc wizard barely misses you.
You shoot a sling bullet. The sling bullet hits the orc wizard.
The orc wizard is heavily wounded.
The orc barely misses you. The frilled lizard barely misses you.
The orc wizard hits you but does no damage.
You shoot a sling bullet.
The sling bullet barely misses the orc wizard.
The orc barely misses you.
The frilled lizard bites you but does no damage.
The orc wizard closely misses you.
You shoot a sling bullet.
The sling bullet completely misses the orc wizard.
The orc hits you but does no damage. The frilled lizard bites you.
The orc wizard hits you with a +0 dagger. x2
The orc hits you with a +0 mace.
The frilled lizard bites you but does no damage.
You shoot a sling bullet. The sling bullet hits the orc wizard.
The orc wizard is severely wounded.
The orc hits you but does no damage. The frilled lizard bites you.
The orc wizard hits you but does no damage.
You shoot a sling bullet.
The sling bullet closely misses the orc wizard.
The orc hits you but does no damage.
The frilled lizard bites you but does no damage.
The orc wizard gestures at you while chanting.
You resist with some effort.
You shoot a sling bullet.
The sling bullet closely misses the orc wizard.
The orc hits you with a +0 mace.
You die...

.###.........#
..<...######.#..
..###.# #.#...
.#.##.######.##..
.............##.###
.####.#####..##...
....(.# #..##.o#
)###### #..##ol#
#.## #..##o@#
##.#### #>.##.[#
#....# #.....>#
##.##.# #.###..#
#.###.# #.###..#
.## #.# ###.##...#
#####.###...)....#
.....#...........#
##?#...##.########


You could see an orc wizard, 2 orcs and a frilled lizard.

Vanquished Creatures
  A gnoll (D:1)
  3 adders (D:2)
  2 worms (D:2)
  2 dart slugs (D:2)
  2 orcs (D:3)
  3 endoplasms
  3 giant cockroaches
  6 goblins
  4 jackals (D:1)
  A quokka (D:1)
  5 ball pythons
  3 bats
  5 frilled lizards
  4 kobolds
  6 rats
50 creatures vanquished.

Notes
Turn   | Place    | Note
-------+----------+-------------------------------------------
     0 | D:1      | qw the Gargoyle Hexslinger began the quest for the Orb.
     0 | D:1      | Reached XP level 1. HP: 12/12 MP: 2/2
     0 | D:1      | 0 ||| qw: Version: 0.3-a-41-g9d075ac
     0 | D:1      | 0 ||| qw: Game counter: 741
     0 | D:1      | 0 ||| qw: Melee chars always use a shield: true
     0 | D:1      | 0 ||| qw: God list: Okawaru
     0 | D:1      | 0 ||| qw: Allow faded altars: false
     0 | D:1      | 0 ||| qw: Do Orc after clearing Dungeon:15 true
     0 | D:1      | 0 ||| qw: Do second Lair branch before Depths: true
     0 | D:1      | 0 ||| qw: Lair rune preference: random
     0 | D:1      | 0 ||| qw: Goals: Normal
     0 | D:1      | 0 ||| PLANNING D:1-11
    49 | D:1      | Found a faded altar of an unknown god.
   152 | D:1      | Reached skill level 3 in Ranged Weapons
   152 | D:1      | Reached XP level 2. HP: 16/16 MP: 3/3
   230 | D:1      | Reached XP level 3. HP: 13/21 MP: 4/4
  1012 | D:1      | 1012 ||| READING scroll labelled NEL YFIKEOBULALI.
  1013 | D:1      | 1013 ||| DROPPING scroll of poison.
  1181 | D:2      | Found a shadowy altar of Dithmenos.
  1221 | D:2      | 1221 ||| FLEEEEING.
  1264 | D:2      | Reached XP level 4. HP: 26/26 MP: 5/5
  1272 | D:2      | Reached skill level 4 in Ranged Weapons
  1921 | D:2      | 1921 ||| UPGRADING to +0 ring mail.
  1931 | D:2      | 1931 ||| DROPPING +0 robe.
  1932 | D:2      | 1932 ||| READING scroll labelled BOPLEOTANN.
  1935 | D:2      | 1935 ||| READING scroll labelled ZONI JIASIEMI.
  1936 | D:2      | 1936 ||| READING scroll labelled WOHYTTUOHO.
  2132 | D:3      | HP: 4/26 [orc/+0 mace (5)]
  2135 | D:3      | Slain by an orc

Levels and vault maps discovered:
D:1:      nicolae_arrival_somewhat_less_tricky_arrival, layout_basic,
          shapermc_ecumenical_altar_starsandcircs
D:2:      layout_basic, basic_altar, nicolae_eternal_life,
          uniq_crazy_yiuf_cottage
D:3:      layout_loops_ring, mainiacjoe_overflow_alcove_2,
          lemuel_coloured_pillars_altar, serial_bayou, serial_bayou_pond_b,
          serial_bayou_pond_e, serial_bayou_lagoon_a, serial_bayou_shore_b

Skill      XL: |  1  2  3  4 |
---------------+-------------+-----
Ranged Weapons | 3 4 |  4.3
Fighting       | 2 |  2.0
Armour         | |  0.8
Dodging        | |  1.5
Spellcasting   | |  1.0
Hexes          | |  2.6

Action                     |  1- 3 |  4- 6 || total
---------------------------+-------+-------++-------
   Fire: Sling             |   116 |    86 ||   202
    Use: Scroll            |     1 |     3 ||     4
 Armour: Robe              |    35 |     5 ||    40
         Ring mail         |       |    29 ||    29
  Dodge: Dodged            |    69 |    36 ||   105

Table legend:
 A = Non-vault XP
 B = Vault XP
 C = Vault XP percentage of total XP
 D = Non-vault monster count
 E = Vault monster count
 F = Vault count percentage of total count
                 A         B        C        D         E       F
            +---------+---------+-------+---------+---------+-------
      Total |     141 |       0 |   0.0 |      50 |       0 |   0.0
            +---------+---------+-------+---------+---------+-------
        D:1 |      49 |       0 |   0.0 |      23 |       0 |   0.0
        D:2 |      77 |       0 |   0.0 |      19 |       0 |   0.0
        D:3 |      15 |       0 |   0.0 |       8 |       0 |   0.0
            +---------+---------+-------+---------+---------+-------
